 Dungeon Crawl Stone Soup version 0.27-a0-597-g524d869a0f (webtiles) character file.

Game seed: 16306774311621107637

464 jasper the Covert (level 6, -3/28 HPs)
             Began as a Spriggan Enchanter on Mar 11, 2021.
             Killed by divine providence
             ... invoked by an orc priest
              (14 damage)
             ... on level 4 of the Dungeon.
             The game lasted 00:04:22 (3022 turns).

jasper the Covert (Spriggan Enchanter)              Turns: 3022, Time: 00:04:23

Health: -3/28      AC:  2    Str:  4    XL:     6   Next: 80%
Magic:  6/11       EV: 19    Int: 19    God:
Gold:   247        SH:  0    Dex: 15    Spells: 2/11 levels left

rFire    . . .     SeeInvis +   e - +4 short sword (flame)
rCold    . . .     Faith    .   (shield restricted)
rNeg     . . .     Spirit   .   b - +0 robe
rPois    .         Reflect  .   (helmet restricted)
rElec    .         Harm     .   (no cloak)
rCorr    .         Rampage  .   (gloves unavailable)
Will     +....                  (boots unavailable)
Stlth    ++++......             (no amulet)
HPRegen  0.09/turn              (no ring)
MPRegen  0.12/turn              (no ring)

@: very quick
A: very small, unfitting armour, see invisible, speed 3
a: no special abilities


You were on level 4 of the Dungeon.
You visited 1 branch of the dungeon, and saw 4 of its levels.

You collected 247 gold pieces.

Inventory:

Hand Weapons
 a - a +1 dagger
 e - a +4 short sword of flaming (weapon)
 l - a +1 dagger of venom
Missiles
 d - 27 poisoned darts
 k - 44 bolts
Armour
 b - a +0 robe (worn)
Scrolls
 c - 5 scrolls of identify {unknown}
 h - a scroll of random uselessness {unknown}
 j - a scroll of enchant weapon {unknown}
 n - a scroll of noise {unknown}
 o - 2 scrolls of teleportation {unknown}
Potions
 f - a potion of heal wounds {unknown}
 g - a potion of ambrosia {unknown}
 i - 2 potions of curing {unknown}
 m - a potion of mutation {unknown}


   Skills:
 - Level 1.1 Short Blades
 + Level 4.9 Dodging
 * Level 8.3 Stealth
 - Level 3.0 Spellcasting
 * Level 6.4 Hexes


You had 2 spell levels left.
You knew the following spells:

 Your Spells              Type           Power      Damage    Failure   Level
a - Corona                Hex            30%        N/A       1%          1
b - Ensorcelled Hibernat  Hex/Ice        30%        N/A       6%          2
c - Confusing Touch       Hex            27%        N/A       3%          3
d - Tukima's Dance        Hex            27%        N/A       3%          3

Your spell library contained the following spells:

 Spells                   Type           Power      Damage    Failure   Level
 Dazzling Flash           Conj/Hex       30%        N/A       12%         3


Dungeon Overview and Level Annotations

Branches:
Dungeon (4/15)
 Temple: D:4-7

Altars:
Trog


Innate Abilities, Weirdness & Mutations

You are very small and have problems with some larger weapons.
You are too small for most types of armour.
You have supernaturally acute eyesight. (SInv)
You cover ground extremely quickly. (Speed+++)


Message History

The worker ant misses you.
You now have 5/11 mp.
Aiming: Ensorcelled Hibernation (safe; 6% risk of failure)
Press: ? - help, Q - select action, (/) - cycle Shift-Dir - straight line, f/p - worker ant
Aim: a worker ant (chance to affect: 53%)
The worker ant looks drowsy...
You now have 3/11 mp.
The helpless worker ant fails to defend itself.
You impale the worker ant!! You burn the worker ant.
You kill the worker ant!
An orc wizard comes into view. It is wielding a +0 dagger.
An orc and an orc priest come into view.
The orc shouts! x2; The orc wizard shouts!
You hear a howl!
A giant cockroach and a howler monkey come into view.
You barely miss the orc.
The orc priest shouts!
An orc comes into view.
The orc misses you.
The orc priest invokes the aid of Beogh against you.
Beogh smites you!
You take 7 damage, and have 17/28 hp.
MASSIVE DAMAGE!!
The orc wizard gestures at you while chanting.
The magic dart hits you!
You take 8 damage, and have 9/28 hp.
MASSIVE DAMAGE!!
The howler monkey hoots and howls with incredible vigour!
You hear a shout!
A giant cockroach comes into view.
The giant cockroach barely misses you.
The howler monkey hoots and howls with incredible vigour!
The giant cockroach misses you.
A leopard gecko skeleton comes into view.
The orc priest looks encouraged for a moment.
The orc wizard gestures at itself while chanting.
The orc wizard flickers and vanishes for a moment.
The giant cockroach closely misses you. The howler monkey closely misses you.
The howler monkey hoots and howls with incredible vigour!
The orc priest mumbles some strange prayers to Beogh against you.
Beogh smites you!
Ouch! That really hurt!
You die...

###(.### #.. ##...###
#.# ###...###.#
#......... ##......##
#o........ ###.....#
#......... ##....#
#.o....... ##...#
#......... ##..#
#......... #.@.###
#..>....h.
#.<....##..####.........
#...... ##.o#.>.Z.......
#...... ###hoZ##.......
#...... #BB.....#....
......# ###...8#8.#####
.##.## ##..Bo$#$#.# ##
###......8#8.#
##........o...#


You could see a howler monkey, an orc priest, an orc wizard (invisible) and a
giant cockroach.

Vanquished Creatures
  Edmund (D:4)
  A phantom (D:4)
  A scorpion (D:4)
  A howler monkey (D:4)
  3 worker ants (D:4)
  A worker ant zombie (D:4)
  6 adders
  2 worms
  2 leopard geckos
  An orc (D:3)
  8 giant cockroaches
  2 goblins
  4 hobgoblins
  9 kobolds
  2 quokkas
  A ball python (D:4)
  5 bats
  4 frilled lizards
  6 rats (D:2)
60 creatures vanquished.

Notes
Turn   | Place    | Note
-------+----------+-------------------------------------------
     0 | D:1      | jasper the Spriggan Enchanter began the quest for the Orb.
     0 | D:1      | Reached XP level 1. HP: 9/9 MP: 5/5
   457 | D:2      | Reached XP level 2. HP: 13/13 MP: 4/6
   460 | D:2      | Learned a level 2 spell: Ensorcelled Hibernation
   480 | D:2      | Reached skill level 5 in Stealth
   624 | D:2      | Noticed a moth of wrath
   636 | D:2      | Reached XP level 3. HP: 12/16 MP: 2/8
   762 | D:2      | Found a bloodstained altar of Trog.
  1691 | D:3      | Reached XP level 4. HP: 21/21 MP: 9/9
  1695 | D:3      | Learned a level 3 spell: Confusing Touch
  1699 | D:3      | Learned a level 3 spell: Tukima's Dance
  1916 | D:3      | Reached skill level 6 in Stealth
  2555 | D:4      | Reached skill level 5 in Hexes
  2568 | D:4      | Noticed a phantom
  2582 | D:4      | Killed a phantom
  2583 | D:4      | Reached XP level 5. HP: 24/24 MP: 3/10
  2646 | D:4      | Reached skill level 7 in Stealth
  2646 | D:4      | Noticed Edmund
  2669 | D:4      | Killed Edmund
  2670 | D:4      | Reached XP level 6. HP: 18/28 MP: 1/11
  2697 | D:4      | Reached skill level 8 in Stealth
  3022 | D:4      | Killed from afar by an orc priest

Illustrated notes

Levels and vault maps discovered:
D:1:      minmay_arrival_diagonal_passages, layout_rooms
D:2:      layout_basic, tgw_trog
D:3:      layout_basic
D:4:      layout_cave_pods, cheibrodos_ashenzari_chains, minmay_statues_item,
          st_stairs_9, uniq_edmund

Skill      XL: |  1  2  3  4  5  6 |
---------------+-------------------+-----
Dodging        | 3 4 |  4.9
Stealth        | 5 6 7 8 |  8.3
Hexes          | 4 5 6 |  6.4
Spellcasting   | 3 |  3.0
Short Blades   | |  1.1

Action                   |  1- 3 |  4- 6 || total
-------------------------+-------+-------++-------
Melee: Dagger            |    22 |       ||    22
       Short sword       |    44 |    45 ||    89
 Cast: Corona            |     1 |       ||     1
       Ensorcelled Hiber |    20 |    25 ||    45
       Confusing Touch   |       |     1 ||     1
 Stab: Sleeping          |    20 |    21 ||    41
       Confused          |       |     1 ||     1
Armor: Robe              |     8 |     2 ||    10
Dodge: Dodged            |    46 |    30 ||    76

Table legend: (Time is in decaauts)
 A = Elapsed time spent in this place.
 B = Non-inter-level travel time spent in this place.
 C = Inter-level travel time spent in this place.
 D = Time resting spent in this place.
 E = Time spent auto-exploring this place.
 F = Levels seen in this place.
 G = Mean time per level.
                   A        B        C        D        E       F      G
               +--------+--------+--------+--------+--------+-----+--------+
         Total |   2381 |   2347 |     34 |    207 |   1696 |   4 |  595.2 |
       Dungeon |   2381 |   2347 |     34 |    207 |   1696 |   4 |  595.2 |
               +--------+--------+--------+--------+--------+-----+--------+

Top non-repeatable levels by time:
     D:2: 833 daAuts
     D:3: 731 daAuts
     D:4: 414 daAuts
     D:1: 402 daAuts
